Unix NetHack Version 5.0.0-0 post-release - last build May 31 2026 23:59:36 (970b52f25bf058293b47ddfd14a1e40e571c508c,branch:main).

Game began 2026-06-09 08:49:42, ended 2026-06-09 08:59:37.

LDaviesPeters, neutral female human Archeologist

  ------
  |.B@.-
  |{...|
  |....+
  ------

LDaviesPeters the Field Worker  St:14 Dx:9 Co:11 In:14 Wi:18 Ch:9  Neutral
Dlvl:4  $:4  HP:0(27) Pw:22(22) AC:6  Xp:3 T:1223 

Latest messages:
 The little dog bites the iguana.
 The iguana is killed!
 You see here a statue of a sewer rat.
 You see here 2 lembas wafers.
 The little dog picks up a lembas wafer.
 You see here a lembas wafer.
 s - a lembas wafer.
 The little dog drops a lembas wafer.
 You see here a lembas wafer.
 s - a lembas wafer (2 in total).
 You find a hidden passage.
 The door opens.
 You climb up the stairs.
 You stop waiting.
 You miss the newt.
 You kill the newt!
 You see here a newt corpse.
 There is a newt corpse here; eat it? [ynq] (n) y
 This newt corpse is stringy.
 You finish eating the newt corpse.
 You feel a mild buzz.
 You descend the stairs.
 You swap places with your little dog.
 You swap places with your little dog.
 You swap places with your little dog.
 The door resists!
 The door resists!
 The door opens.
 You kill the giant rat!
 You descend the stairs.
 You lash the giant bat.
 The giant bat bites!
 The giant bat bites!
 You miss the giant bat.
 The giant bat bites!
 The giant bat misses!
 You miss the giant bat.
 The giant bat misses!
 The giant bat bites!
 You miss the giant bat.
 The giant bat bites!
 The giant bat bites!
 You miss the giant bat.
 The giant bat bites!
 You die...
 Do you want your possessions identified? [ynq] (y) y
 Do you want to see your attributes? [ynq] (y) y
 Do you want an account of creatures vanquished? [ynaq] (y) n
 Do you want to see your conduct and achievements? [ynq] (y) y
 Do you want to see the dungeon overview? [ynq] (y) n

Inventory:
 Coins    ('$')
  $ - 4 gold pieces
 Weapons  (')')
  n - a blessed +2 dagger
  j - a +0 orcish dagger
  a - a +2 bullwhip (weapon in right hand)
 Armor    ('[')
  c - a blessed +0 fedora
  o - an uncursed +0 orcish helm (being worn)
  q - an uncursed +0 pair of iron shoes (being worn)
  h - an uncursed +0 leather jacket (being worn)
 Comestibles  ('%')
  d - 3 uncursed food rations
  s - 2 uncursed lembas wafers
 Wands    ('/')
  k - a wand of striking (0:6)
 Tools    ('(')
  b - an uncursed sack containing 3 items
  p - a +0 pick-axe (alternate weapon; not wielded)
  f - a tinning kit (0:30)
 Gems/Stones  ('*')
  l - an uncursed jet stone
  g - an uncursed touchstone

Contents of the sack:
  20 gold pieces
  a cursed potion of hallucination
  an uncursed potion of water

LDaviesPeters the Archeologist's attributes:

Background:
 You were a Field Worker, a level 3 female human Archeologist.
 You were neutral, on a mission for Camaxtli
 who was opposed by Quetzalcoatl (lawful) and Huhetotl (chaotic).
 You were right-handed.
 You were in the Dungeons of Doom, on level 4.
 You entered the dungeon 1223 turns ago.
 You had 58 experience points, 22 more were needed to attain level 4.

Basics:
 You had 0 out of 27 hit points.
 You had all 22 energy points (spell power).
 Your armor class was 6.
 Your wallet contained 4 zorkmids, and
 you had 20 more stashed away in your pack.
 Autopickup was off.

Final Characteristics:
 Your strength was 14 (limit:18/100).
 Your dexterity was 9 (limit:18).
 Your constitution was 11 (limit:18).
 Your intelligence was 14 (limit:18).
 Your wisdom was 18 (limit:18).
 Your charisma was 9 (limit:18).

Final Status:
 You weren't hungry.
 You were unencumbered.
 You were wielding a whip.
 You had basic skill with whip.

Final Attributes:
 You were devoutly aligned.
 You had automatic searching.
 You are dead.

Miscellaneous:
 You didn't encounter any bones levels.
 Total elapsed playing time was 9 minutes and 55 seconds.

Major events:
 Turn
    1: LDaviesPeters the neutral female human Archeologist entered the dungeon
  878: attained the rank of Field Worker (level 3)
  899: entered the Gnomish Mines
 1223: killed by a giant bat

You didn't know any spells.

Skills:
 Fighting Skills
   bare handed combat [Unskilled]
   two weapon combat  [Unskilled]
   riding             [Unskilled]
 Weapon Skills
   dagger             [Unskilled]
   knife              [Unskilled]
   pick-axe           [Basic]
   short sword        [Unskilled]
   saber              [Unskilled]
   club               [Unskilled]
   quarterstaff       [Unskilled]
   sling              [Unskilled]
   dart               [Unskilled]
   boomerang          [Unskilled]
   whip               [Basic]
   unicorn horn       [Unskilled]
 Spellcasting Skills
   attack spells      [Unskilled]
   healing spells     [Unskilled]
   divination spells  [Unskilled]
   matter spells      [Unskilled]

Voluntary challenges:
 Character rerolling was not enabled.
 You never genocided any monsters.
 You never polymorphed an object.
 You never changed form.
 You used no wishes.
Achievements:
 You attained the rank of Field Worker.
 You entered the Gnomish Mines.

 The Dungeons of Doom: levels 1 to 4
    Level 1:
       A fountain, a grave.
    Level 2:
       An altar to Camaxtli.
    Level 3:
       Some fountains.
       Stairs down to The Gnomish Mines.
    Level 4: <- You were here.
       A fountain.
       Final resting place for
          you, killed by a giant bat.
 The Gnomish Mines:
    Level 4:


Vanquished creatures:
  a dwarf
 an iguana
  a hobbit
  a giant rat
  2 cave spiders
  6 gnomes
  a gecko
  2 jackals
  a fox
  a kobold
  2 goblins
  4 sewer rats
  2 lichens
  a kobold zombie
  a newt
27 creatures vanquished.

No species were genocided or became extinct.

Game over:
                       ----------
                      /          \
                     /    REST    \
                    /      IN      \
                   /     PEACE      \
                  /                  \
                  |  LDaviesPeters   |
                  |      24 Au       |
                  |   killed by a    |
                  |    giant bat     |
                  |                  |
                  |                  |
                  |       2026       |
                 *|     *  *  *      | *
        _________)/\\_//(\/(/\)/\//\/|_)_______

Goodbye LDaviesPeters the Archeologist...

You died in The Dungeons of Doom on dungeon level 4 with 404 points,
and 24 pieces of gold, after 1223 moves.
You were level 3 with a maximum of 27 hit points when you died.

